Description

Hellion Banshee opening

Build Order

Get SALT Encoding   

  14  0:19  Supply Depot  
  15  0:30  Refinery  
  16  0:45  Barracks  
  19  1:32  Orbital Command  
  20  1:34  Reaper  
  20  1:44  Command Center  
  20  1:57  Factory  
  21  2:08  Refinery  After Reaper
  21  2:09  Barracks Reactor  
  22  2:22  Supply Depot  
  23  2:42  Action  Swap Barracks and Factory
  24  2:44  Hellion x2  
  24  2:46  Starport  
  28  2:57  Orbital Command  
  29  3:00  Barracks Tech Lab  To swap with Starport
  34  3:14  Hellion x2  
  34  3:22  Action  Land 2nd Base, Swap Starport and Barracks
  38  3:33  Banshee  
  38  3:34  Cloaking Field  
  45  3:50  Supply Depot  
  45  3:51  Hellion x2  
  51  4:13  Banshee  
  52  4:16  Supply Depot  
  52  4:17  Supply Depot  
  53  4:26  Factory  
  53  4:27  Armory  
  57  4:49  Command Center  
  60  4:56  Banshee  
  62  5:10  Factory Tech Lab  
  66  5:19  Terran Vehicle and Ship Weapons Level 1  
  66  5:20  Hellion x2  
  68  5:24  Refinery x2  
  73  5:30  Siege Tank  
  82  5:43  Hellion x2  
  82  5:44  Banshee  
  87  6:00  Siege Tank  
Spawning Tool Build Advisor. Get it on Overwolf

Go to:

Details

  • Created by: NearNirvanna
  • Published on: Mar 06, 2017
  • Modified on: Mar 09, 2017
  • Patch: 3.8.0
Show
View Real Time Build Order
Export as new Build Order

Comments (0)

There are no comments. Be the first!

Create an account to comment!